Map: Iron Fortress LE

Players

AcerBly (Bly) - Winner!

  • Race: Zerg Zerg
  • Spawn Location: 5:00

beyoNd

  • Race: Zerg Zerg
  • Spawn Location: 1:00

Event: LycanGTV LotV Beta Tournament 1

VOD

Have the link to the VOD?

Description

Time

  • Played on: April 2, 2015, 3:52 p.m.
  • Length: 9:09

All games in this series

Show
View Real Time Build Order
Export as new Build Order

AcerBly Zerg - Winner!

Build Orders: Hatch First 

Get SALT Encoding   

  12  0:01  Drone  
  13  0:10  Drone  
  14  0:23  Overlord  
  14  0:30  Drone, Extractor  
  15  0:42  Drone x2  
  17  0:52  Hatchery  
  16  0:57  Drone  
  17  1:05  Extractor  
  16  1:11  Spawning Pool  
  16  1:14  Drone  
  16  1:17  Drone  
  17  1:23  Drone  
  18  1:36  Drone  
  18  1:39  Drone  
  20  2:00  Queen  
  22  2:04  Zergling x4  
  22  2:05  Queen  
  22  2:06  Overlord  
  22  2:08  Metabolic Boost  
  26  2:27  Drone  
  26  2:28  Drone x3  
  30  2:39  Drone x2  
  32  2:44  Overlord  
  32  2:49  Overlord  
  32  2:55  Overlord  
  32  3:05  Zergling x4  
  34  3:09  Zergling x2  
  34  3:10  Zergling x8  
  39  3:15  Zergling x8  
  43  3:22  Overlord  
  42  3:39  Drone x5  
  47  3:41  Overlord  
  47  3:44  Drone x2, Extractor  
  47  3:45  Drone, Roach Warren  
  48  3:53  Drone x3  
  48  3:57  Drone x2  
  47  4:06  Extractor  
  47  4:09  Overlord  
  46  4:13  Lair  
  45  4:31  Drone x3  
  45  4:32  Drone  
  45  4:33  Roach x3  
  45  4:34  Burrow  
  52  4:40  Roach x4  
  60  4:48  Roach x3  
  65  5:01  Overlord  
  65  5:06  Drone x3  
  65  5:07  Drone, Overlord  
  69  5:11  Glial Reconstitution  
  70  5:21  Roach  
  70  5:22  Roach x5  
  70  5:23  Roach  
  82  5:33  Roach x3  
  82  5:34  Roach x16  
  88  5:47  Hatchery  
  88  5:48  Overseer  
  87  5:50  Ravager  
  87  5:54  Ravager, Queen  
  87  5:55  Drone x2  
  87  5:56  Drone, Extractor  
  92  5:57  Ravager  
  92  6:04  Overlord x4  
  92  6:11  Queen  
  92  6:13  Overlord  
  90  6:25  Overlord  
  80  6:27  Overlord x2  
  80  6:33  Queen  
  80  6:36  Roach x2  
  80  6:37  Roach  
  80  6:39  Roach  
  90  6:46  Roach x17  
  90  6:49  Overlord  
  90  7:00  Roach x16  
  88  7:11  Roach  
  88  7:12  Roach x9  
  108  7:15  Roach x14  
  108  7:22  Overlord  
  108  7:26  Roach x2  
  108  7:27  Roach x2  
  108  7:34  Roach x10  
  106  7:39  Roach x4  
  106  7:43  Evolution Chamber  
  106  7:44  Drone  
  112  7:47  Overlord  
  112  7:53  Roach x7  
  106  8:10  Roach x8  
  122  8:18  Roach x5  
  122  8:19  Roach x2  
  120  8:36  Roach x3  
  120  8:37  Roach  
  109  8:45  Roach x10  
Show
View Real Time Build Order
Export as new Build Order

beyoNd Zerg 

Build Orders: Hatch First 

Get SALT Encoding   

  12  0:01  Drone  
  13  0:14  Drone  
  14  0:34  Hatchery  
  13  0:38  Drone  
  14  0:49  Extractor  
  13  0:50  Drone x2, Extractor  
  16  1:01  Spawning Pool  
  15  1:10  Overlord  
  15  1:28  Drone x2  
  15  1:29  Drone  
  18  1:48  Queen x2  
  18  1:49  Zergling x2  
  18  1:53  Drone x2  
  25  2:02  Overlord  
  25  2:22  Spine Crawler  
  24  2:24  Queen x2  
  28  2:34  Overlord  
  28  2:36  Drone x3  
  31  2:47  Overlord  
  31  2:48  Drone x3  
  33  3:05  Drone x2  
  33  3:06  Drone x5  
  33  3:09  Extractor  
  33  3:11  Extractor  
  38  3:20  Overlord  
  38  3:31  Roach Warren  
  37  3:34  Evolution Chamber  
  37  3:36  Drone x7  
  43  3:41  Evolution Chamber  
  40  3:56  Drone x5  
  40  4:02  Spore Crawler  
  40  4:03  Zergling x4  
  38  4:13  Drone x3  
  34  4:23  Drone x2  
  35  4:31  Metabolic Boost  
  35  4:35  Zergling x4  
  35  4:36  Zergling x2  
  38  4:44  Drone x3  
  40  4:52  Queen  
  40  5:08  Drone x3, Baneling Nest  
  42  5:15  Zergling x2  
  42  5:16  Zergling x4  
  42  5:18  Queen  
  48  5:28  Zergling x4  
  49  5:46  Zergling x6  
  52  5:56  Overlord x2  
  51  6:09  Hatchery, Overlord x3  
  50  6:16  Roach x3  
  54  6:20  Roach  
  54  6:23  Roach  
  53  6:28  Roach  
  53  6:29  Roach x3  
  60  6:38  Roach x2  
  64  6:41  Ravager  
  64  6:42  Ravager x2  
  64  6:44  Roach  
  64  6:45  Queen  
  64  6:46  Extractor  
  70  6:52  Roach  
  70  6:53  Roach x2  
  75  7:04  Spore Crawler  
  75  7:05  Roach  
  75  7:06  Roach, Zergling x14  
  79  7:16  Spore Crawler  
  75  7:23  Roach  
  75  7:24  Roach  
  67  7:31  Roach x2  
  69  7:44  Roach x2  
  69  7:45  Roach, Zergling x14  
  69  7:51  Drone x3  
  78  8:19  Roach  
  79  8:20  Roach x6  
  91  8:32  Zergling x2  
  91  8:33  Zergling x6  
  88  8:41  Zergling x2  
  88  8:42  Zergling x6  

Tags
 
Add a new tag
Caveats
  • Supply blocks, unpowered buildings, or Contaminate may cause inaccurate times.
  • Supply counts are checked every 10 seconds.